 Dungeon Crawl Stone Soup version 0.30-a0-177-g1cb5dbfd7a (webtiles) character file.

Game seed: 2191231606189706596

553 LnG the Sneak (level 7, 0/38 HPs)
             Began as a Kobold Summoner on Oct 2, 2022.
             Slain by a centaur (5 damage)
             ... on level 5 of the Dungeon.
             The game lasted 00:08:10 (4685 turns).

LnG the Sneak (Kobold Summoner)                     Turns: 4685, Time: 00:08:12

Health: 0/38       AC:  4    Str:  5    XL:     7   Next: 55%
Magic:  5/12       EV: 16    Int: 18    God:
Gold:   153        SH:  0    Dex: 16    Spells: 4/13 levels left

rFire   . . .      SeeInvis +    c - +3 dagger (speed)
rCold   . . .      Faith    .    (no shield)
rNeg    . . .      Spirit   .    a - +1 robe
rPois   .          Reflect  .    p - +0 helmet
rElec   .          Harm     .    (no cloak)
rCorr   +          Rampage  .    (no gloves)
Will    .....                    (no boots)
Stlth   ++++......               (no amulet)
HPRegen 0.26/turn                f - ring of resist corrosion
MPRegen 0.13/turn                o - ring of see invisible

@: no status effects
A: small, no large weapons, nightstalker 3
a: no special abilities


You were on level 5 of the Dungeon.
You visited 1 branch of the dungeon, and saw 5 of its levels.

You collected 153 gold pieces.

Inventory:

Hand Weapons
 c - a +3 dagger of speed (weapon)
Armour
 a - a +1 robe (worn)
 p - a +0 helmet (worn)
Jewellery
 f - a ring of resist corrosion (left hand)
 o - a ring of see invisible (right hand)
Wands
 q - a wand of roots (12)
Scrolls
 d - 2 scrolls of blinking
 h - 2 scrolls of poison {unknown}
 i - 3 scrolls of magic mapping
 k - a scroll of amnesia {unknown}
 r - a scroll of teleportation {unknown}
 s - a scroll of vulnerability {unknown}
Potions
 b - 3 potions of magic
 e - a potion of cancellation {unknown}
 j - 2 potions of mutation {unknown}
 l - 3 potions of haste {unknown}
 m - a potion of flight {unknown}
 n - a potion of degeneration {unknown}
 t - a potion of might {unknown}


   Skills:
 + Level 1.4 Fighting
 + Level 4.6 Short Blades
 + Level 3.7 Dodging
 + Level 5.8 Stealth
 + Level 3.6 Spellcasting
 + Level 0.1 Hexes
 + Level 5.2 Summonings


You had 4 spell levels left.
You knew the following spells:

 Your Spells              Type           Power      Damage    Failure   Level
a - Summon Small Mammal   Summ           88%        N/A       1%          1
b - Call Imp              Summ           22%        N/A       2%          2
c - Call Canine Familiar  Summ           22%        N/A       5%          3
d - Summon Guardian Gole  Hex/Summ       12%        N/A       16%         3

Your spell library contained the following spells:

 Spells                   Type           Power      Damage    Failure   Level
 Freeze                   Ice            12%        1d4       16%         1
 Magic Dart               Conj           12%        1d3       16%         1
 Cigotuvi's Dreadful Rot  Necr/Pois/Air  6%         N/A       24%         2
 Frozen Ramparts          Ice            6%         1d1       43%         3
 Hailstorm                Conj/Ice       3%         3d3       43%         3
 Ignite Poison            Fire/Tmut/Pois 3%         N/A       43%         3
 Kindle Blastsparks       Fire/Tloc/Air  6%         2d10      43%         3
 Mephitic Cloud           Conj/Pois/Air  3%         N/A       43%         3
 Summon Lightning Spire   Summ/Air       12%        N/A       45%         4
 Anguish                  Hex/Necr       1%         N/A       83%         4
 Dispel Undead            Necr           3%         3d7       83%         4
 Fulminant Prism          Conj/Hex       1%         3d6       83%         4
 Iskenderun's Mystic Bla  Conj/Tloc      3%         2d3       83%         4
 Blade Hands              Tmut           1%         N/A       99%         5
 Freezing Cloud           Conj/Ice/Air   1%         6-21      99%         5
 Irradiate                Conj/Tmut      1%         3d12      99%         5
 Lee's Rapid Deconstruct  Erth           1%         3d5*      99%         5
 Death Channel            Necr           1%         N/A       100%        6
 Dragon Form              Tmut           1%         N/A       100%        7
 Enfeeble                 Hex            1%         N/A       100%        7


Dungeon Overview and Level Annotations

Branches:
Dungeon (5/15)
 Temple: D:4-7

Altars:
Ashenzari
Okawaru

Shops:
D:4 [

Annotations:
D:4 1 runed translucent door, Crazy Yiuf


Innate Abilities, Weirdness & Mutations

You are small and have problems with some larger weapons.
You are completely attuned to the shadows.


Message History

The centaur completely misses your hound.
The black bear bites you. The black bear claws you.
The black bear claws you but does no damage.
Your hound bites the centaur.
You hit the black bear but do no damage.
The black bear is almost dead.
The black bear bites you!
* * * LOW HITPOINT WARNING * * *
The black bear claws you.
* * * LOW HITPOINT WARNING * * *
The black bear misses you.
You barely miss the black bear.
The black bear is almost dead.
Your hound bites the black bear.
An adder comes into view.
The centaur hits you.
* * * LOW HITPOINT WARNING * * *
The centaur kicks you.
* * * LOW HITPOINT WARNING * * *
The black bear bites your hound.
The black bear completely misses your hound.
The black bear claws your hound.
You feel better.
Your hound bites the black bear but does no damage.
The centaur completely misses you. The centaur kicks you.
* * * LOW HITPOINT WARNING * * *
The black bear completely misses your hound.
The black bear claws your hound.
Your hound dies!
Your hound's corpse disappears in a puff of smoke!
The black bear growls angrily.
Your magical contamination has completely faded away.
Casting: Call Imp (safe; 2% risk of failure)
Confirm with . or Enter, or press ? or * to list all spells.
You hear a shout!
The centaur barely misses you. The centaur completely misses you.
The black bear misses you. The black bear claws you.
* * * LOW HITPOINT WARNING * * *
The black bear barely misses you. The centaur hits you.
You die...

#########
........#
..$.....#
.....h..#
....h@..#
....c.....
.....S....
..........
.........


You could see a black bear (berserk, ally target), a centaur, an adder and a
friendly hound (summoned).

Vanquished Creatures
  Grinder (D:3)
  A black bear (D:4)
  An orc priest (D:3)
  Natasha (twice) (D:3)
  An orc wizard (D:3)
  Robin (D:3)
  5 adders
  A dart slug (D:2)
  2 orcs (D:3)
  5 endoplasms
  3 giant cockroaches
  11 goblins
  8 hobgoblins
  A quokka (D:2)
  4 ball pythons
  2 bats
  11 frilled lizards
  8 kobolds
  2 rats
70 creatures vanquished.

Vanquished Creatures (collateral kills)
  Natasha (D:3)
  An adder (D:3)
  A dart slug (D:1)
  An orc (D:3)
  An endoplasm (D:1)
  2 goblins
  A quokka (D:1)
  A ball python (D:1)
  2 frilled lizards (D:1)
  A rat (D:1)
12 creatures vanquished.

Grand Total: 82 creatures vanquished

Notes
Turn   | Place    | Note
-------+----------+-------------------------------------------
     0 | D:1      | LnG the Kobold Summoner began the quest for the Orb.
     0 | D:1      | Reached XP level 1. HP: 10/10 MP: 3/3
   235 | D:1      | Reached XP level 2. HP: 15/15 MP: 5/5
   418 | D:1      | Learned a level 2 spell: Call Imp
   440 | D:1      | Reached XP level 3. HP: 19/19 MP: 6/6
   444 | D:1      | Learned a level 3 spell: Call Canine Familiar
  1360 | D:2      | Reached XP level 4. HP: 20/24 MP: 7/7
  1592 | D:2      | Found a faded altar of an unknown god.
  1667 | D:2      | Reached skill level 1 in Short Blades
  2038 | D:3      | Noticed Grinder
  2046 | D:3      | Paralysed by Grinder for 4 turns
  2057 | D:3      | Killed Grinder
  2058 | D:3      | Reached skill level 5 in Stealth
  2058 | D:3      | Reached XP level 5. HP: 9/28 MP: 3/9
  2058 | D:3      | Reached XP level 6. HP: 10/33 MP: 3/10
  2337 | D:3      | Noticed Natasha
  2437 | D:3      | Killed Natasha
  2438 | D:3      | Reached skill level 1 in Fighting
  2492 | D:3      | Reached skill level 5 in Summonings
  2496 | D:3      | Reached XP level 7. HP: 32/38 MP: 7/11
  2506 | D:3      | Learned a level 3 spell: Summon Guardian Golem
  2604 | D:3      | Noticed Natasha
  2610 | D:3      | Killed Natasha
  2709 | D:3      | Noticed Robin
  2739 | D:3      | Killed Robin
  2840 | D:3      | Noticed Natasha
  2852 | D:3      | Killed Natasha
  3223 | D:4      | Found Waagycviri's Antique Armour Shop.
  3665 | D:4      | Found an iron altar of Okawaru.
  3708 | D:4      | Found a broken altar of Ashenzari.
  4130 | D:4      | Found a runed translucent door.
  4133 | D:4      | Noticed Crazy Yiuf
  4670 | D:5      | Entered Level 5 of the Dungeon
  4685 | D:5      | Slain by a centaur

Illustrated notes

Levels and vault maps discovered:
D:1:      minmay_arrival_up_and_down, layout_rooms, serial_forest,
          infiniplex_forest_lined_3, infiniplex_forest_clump_diagonal,
          infiniplex_forest_lined_room_3, infiniplex_forest_zigzag_1,
          infiniplex_forest_clump_curved, infiniplex_forest_end_1,
          infiniplex_forest_clump_C, infiniplex_forest_clump_double,
          infiniplex_forest_zigzag_1, minmay_lizard_pond
D:2:      layout_basic, basic_ecumenical_altar
D:3:      layout_basic, uniq_natasha, uniq_robin, uniq_grinder
D:4:      layout_basic, mainiacjoe_overflow_boulevard, ashenzari_altar_1,
          serial_shops, shop, uniq_crazy_yiuf_cottage
D:5:      layout_rooms, slow_altar_2

Skill      XL: |  1  2  3  4  5  6  7 |
---------------+----------------------+-----
Stealth        | 3 5 |  5.8
Short Blades   | 3 4 |  4.6
Dodging        | 3 |  3.7
Spellcasting   | 3 |  3.6
Fighting       | 1 |  1.4
Summonings     | 5 |  5.2
Hexes          | |  0.1

Action                   |  1- 3 |  4- 6 |  7- 9 || total
-------------------------+-------+-------+-------++-------
Melee: Club              |     4 |       |       ||     4
       Unarmed           |     3 |       |       ||     3
       Dagger            |    72 |    45 |    81 ||   198
       Punch             |       |     1 |     1 ||     2
 Cast: Summon Small Mamm |    15 |       |       ||    15
       Call Canine Famil |       |     7 |     6 ||    13
       Call Imp          |       |     2 |     2 ||     4
       Summon Guardian G |       |       |     1 ||     1
  Use: Scroll            |     2 |     1 |     1 ||     4
       Potion            |       |     1 |     1 ||     2
 Stab: Sleeping          |     7 |     9 |     7 ||    23
Armor: Robe              |    11 |     3 |    10 ||    24
Dodge: Dodged            |    54 |    14 |    41 ||   109

Table legend: (Time is in decaauts)
 A = Elapsed time spent in this place.
 B = Non-inter-level travel time spent in this place.
 C = Inter-level travel time spent in this place.
 D = Time resting spent in this place.
 E = Time spent auto-exploring this place.
 F = Levels seen in this place.
 G = Mean time per level.
                   A        B        C        D        E       F      G
               +--------+--------+--------+--------+--------+-----+--------+
         Total |   4610 |   4491 |    119 |    222 |   3682 |   5 |  922.0 |
       Dungeon |   4610 |   4491 |    119 |    222 |   3682 |   5 |  922.0 |
               +--------+--------+--------+--------+--------+-----+--------+

Top non-repeatable levels by time:
     D:4: 1465 daAuts
     D:3: 1217 daAuts
     D:1: 970 daAuts
     D:2: 947 daAuts
     D:5: 10 daAuts
